Map: Turbo Cruise '84 LE

Players

changhavv

  • Race: Protoss Protoss
  • League: Platinum
  • Spawn Location: 3:00

MaliCiouS - Winner!

  • Race: Zerg Zerg
  • League: Platinum
  • Spawn Location: 7:00

VOD

Have the link to the VOD?

Description

Time

  • Played on: May 30, 2019, 1:28 a.m.
  • Length: 12:00
Show
View Real Time Build Order
Export as new Build Order

changhavv Protoss 

Build Orders: Archon Immortal 

Get SALT Encoding   

  12  0:01  Probe  
  13  0:13  Probe  
  14  0:17  Pylon  
  14  0:24  Probe  
  15  0:32  Probe  
  15  0:40  Probe  
  16  0:43  Pylon  
  17  0:52  Probe  
  18  1:00  Pylon  
  18  1:05  Probe  
  19  1:22  Gateway  
  19  1:23  Gateway  
  19  1:31  Probe  
  20  1:35  Gateway  
  20  1:41  Gateway  
  20  1:43  Probe  
  20  1:45  Pylon  
  21  1:56  Probe, Assimilator  
  21  1:58  Assimilator  
  21  1:59  Pylon  
  22  2:04  Zealot  
  22  2:05  Zealot  
  22  2:08  Probe  
  27  2:20  Cybernetics Core  
  26  2:30  Probe  
  26  2:31  Zealot  
  29  2:38  Zealot  
  31  2:48  Warp Gate  
  33  2:58  Zealot  
  33  3:02  Twilight Council  
  33  3:05  Zealot  
  35  3:28  Robotics Facility  
  35  3:32  Zealot  
  37  3:35  Zealot, Charge  
  39  4:02  Zealot x2  
  43  4:14  Nexus  
  43  4:20  Observer  
  44  4:41  Warp Prism  
  44  4:43  Pylon  
  46  4:49  Pylon  
  46  4:51  Pylon  
  46  4:53  Probe  
  47  5:07  Dark Shrine  
  47  5:13  Stalker  
  31  5:36  Stalker x2  
  31  6:00  Stalker x2  
  35  6:04  Immortal  
  29  6:13  Probe  
  32  6:25  Stalker x2  
  36  6:37  Immortal  
  36  6:41  Gateway  
  40  7:02  Gateway  
  40  7:03  Gateway  
  40  7:07  Immortal  
  43  7:39  Immortal  
  43  7:51  Pylon  
  46  8:42  Dark Templar x2  
  46  8:43  Dark Templar  
  46  8:47  Gateway  
  52  9:12  Pylon  
  52  9:14  Pylon  
  52  9:33  Nexus  
  52  9:42  Dark Templar x2  
  52  9:44  Sentry  
  58  9:47  Sentry  
  58  9:52  Archon x2  
  32  10:33  Dark Templar x3  
  38  10:49  Archon  
  38  10:51  Dark Templar  
  38  10:55  Immortal  
  40  11:00  Archon  
  44  11:14  Probe  
  45  11:31  Dark Templar  
  45  11:47  Dark Templar  
  45  11:48  Zealot x2  
Show
View Real Time Build Order
Export as new Build Order

MaliCiouS Zerg - Winner!

Build Orders: Pool First 

Get SALT Encoding   

  12  0:03  Drone  
  13  0:19  Overlord  
  13  0:20  Drone  
  14  0:57  Drone x3  
  17  1:02  Extractor  
  16  1:06  Spawning Pool  
  16  1:10  Drone  
  16  1:37  Hatchery  
  16  1:39  Drone x2  
  17  1:48  Overlord  
  17  1:57  Zergling x2  
  17  2:01  Queen  
  20  2:15  Zergling x4  
  22  2:26  Zergling x2  
  23  2:31  Roach Warren  
  23  2:58  Hatchery  
  21  3:01  Drone x3  
  24  3:12  Queen  
  26  3:13  Overlord  
  26  3:24  Overlord  
  24  3:36  Roach x3  
  30  3:42  Roach  
  30  3:44  Roach  
  32  3:50  Roach  
  34  3:56  Ravager  
  33  4:08  Roach  
  34  4:12  Roach x2  
  38  4:21  Roach  
  38  4:22  Roach  
  42  4:32  Drone x4  
  42  4:36  Lair  
  48  4:38  Roach  
  48  4:46  Roach  
  50  4:53  Roach  
  50  4:56  Overlord x2  
  52  5:20  Roach x5  
  52  5:35  Roach x2  
  54  5:36  Roach  
  56  5:46  Roach  
  56  5:55  Roach  
  52  6:12  Roach x2  
  52  6:15  Drone x5  
  61  6:21  Extractor  
  60  6:33  Drone  
  60  6:34  Drone x2  
  60  6:38  Drone  
  62  6:41  Overseer  
  62  6:43  Drone  
  59  6:56  Ravager  
  59  6:58  Zergling x14  
  67  7:10  Zergling x2  
  68  7:26  Overlord x6  
  65  7:39  Ravager  
  65  7:42  Drone  
  65  7:43  Drone  
  68  7:49  Drone x3  
  68  7:50  Drone x5  
  72  8:11  Roach x5  
  67  8:24  Zergling x12  
  69  8:33  Pneumatized Carapace  
  66  8:41  Metabolic Boost  
  66  8:47  Zergling x8  
  66  8:48  Zergling x6  
  73  8:52  Extractor  
  73  8:53  Extractor  
  73  8:55  Zergling x8  
  75  9:02  Hatchery, Roach  
  75  9:08  Roach  
  77  9:14  Roach  
  79  9:20  Zergling x6  
  82  9:25  Roach  
  82  9:28  Glial Reconstitution  
  83  9:41  Overseer x4  
  83  9:58  Roach x4  
  83  9:59  Roach x4  
  99  10:12  Zergling x4  
  99  10:13  Zergling x10  
  88  10:31  Zergling x8  
  88  10:33  Nydus Network  
  91  10:46  Queen x2  
  95  10:53  Hatchery  
  91  11:00  Overseer  
  91  11:02  Roach x6  
  91  11:03  Zergling x2  
  104  11:20  Nydus Canal  
  104  11:31  Roach  
  106  11:33  Overlord x2  
  106  11:34  Overlord  
Tags
 
Add a new tag
Caveats
  • Supply blocks, unpowered buildings, or Contaminate may cause inaccurate times.
  • Supply counts are checked every 10 seconds.